 Dungeon Crawl Stone Soup version 0.31.0-9-g3a7656b989 (webtiles) character file.

Game seed: 12125676050138455432

23730 Querens the Warrior (level 13, -3/161 HPs)
             Began as an Oni Monk on Jan 25, 2024.
             Was the Champion of Makhleb.
             Killed from afar by a kobold blastminer (34 damage)
             ... with an iron shot
             ... on level 1 of the Orcish Mines.
             The game lasted 00:58:19 (8826 turns).

Querens the Warrior (Oni Monk)                      Turns: 8826, Time: 00:58:20

Health: -3/161     AC: 12    Str: 26    XL:     13   Next: 8%
Magic:  13/13      EV: 10    Int: 10    God:    Makhleb [******]
Gold:   1137       SH:  0    Dex: 10    Spells: 12/12 levels left

rFire   + . .        J - +3 flail
rCold   . . .        d - orb {light}
rNeg    . . .        B - +0 acid dragon scales
rPois   +            (helmet restricted)
rElec   .            s - +2 cloak
rCorr   +            (gloves unavailable)
SInv    .            (boots unavailable)
Will    +....        M - amulet of the acrobat
Stlth   +            q - ring of poison resistance
HPRegen 0.46/turn    a - ring of protection from fire
MPRegen 0.13/turn

%: acrobat
@: glowing, studying Alchemy
A: large, unfitting armour, horns 1, tough skin 1, double potion healing,
drunken brawling, strong 1, sturdy frame 1
a: Renounce Religion, Minor Destruction, Lesser Servant of Makhleb, Major
Destruction, Greater Servant of Makhleb


You were on level 1 of the Orcish Mines.
You worshipped Makhleb.
Makhleb was exalted by your worship.
You visited 3 branches of the dungeon, and saw 13 of its levels.
You also visited: Sewer.

You collected 1137 gold pieces.

Inventory:

Hand Weapons
 w - a +0 giant spiked club
 J - a +3 flail (weapon)
 P - a +0 morningstar
Missiles
 E - 2 throwing nets (quivered)
 Q - 7 javelins
 S - 4 large rocks
Armour
 d - an orb of light (worn)
 s - a +2 cloak (worn)
 u - the +1 robe of the Barber Surgeon {Str+3}
   (You found it on level 4 of the Dungeon)

   Str+3:     It affects your strength (+3).
 v - the +1 robe of Vehumet's Fury {Int+7 Stlth-}
   (You found it on level 5 of the Dungeon)

   Int+7:     It affects your intelligence (+7).
   Stlth-:    It makes you less stealthy.
 B - +0 acid dragon scales (worn)
 L - a +0 robe of positive energy
 R - a +0 troll leather armour
Jewellery
 a - a ring of protection from fire (right hand)
 q - a ring of poison resistance (left hand)
 y - a ring of fire
 K - a +6 ring of dexterity
 M - an amulet of the acrobat (around neck)
 O - a ring of protection from cold
Talismans
 G - a granite talisman
Wands
 o - a wand of iceblast (5)
Scrolls
 b - a scroll of enchant weapon
 h - a scroll of poison
 i - a scroll of blinking
 l - 2 scrolls of noise
 n - a scroll of immolation {unknown}
 p - a scroll of fog {unknown}
 t - a scroll of butterflies {unknown}
 A - a scroll of identify
 C - 3 scrolls of revelation
 D - a scroll of torment
 F - 2 scrolls of silence {unknown}
 H - 3 scrolls of teleportation
 I - 4 scrolls of enchant armour
Potions
 c - a potion of berserk rage {unknown}
 e - a potion of brilliance {unknown}
 f - a potion of invisibility {unknown}
 g - 2 potions of mutation
 j - 2 potions of might {unknown}
 k - 3 potions of curing
 m - a potion of cancellation {unknown}
 r - 3 potions of heal wounds
 x - 4 potions of haste {unknown}
 z - 2 potions of attraction {unknown}
 N - a potion of ambrosia


   Skills:
 + Level 18.6 Fighting
 + Level 14.5 Maces & Flails
 - Level 7.0 Armour
 - Level 2.6 Dodging


You had 12 spell levels left.
You didn't know any spells.
Your spell library contained the following spells:

 Spells                   Type           Power      Damage    Failure   Level
 Magic Dart               Conj           0%         1d3       36%         1
 Summon Small Mammal      Summ           0%         N/A       36%         1
 Blink                    Tloc           0%         N/A       52%         2
 Call Imp                 Summ           0%         N/A       52%         2
 Call Canine Familiar     Summ           0%         N/A       75%         3
 Summon Blazeheart Golem  Fire/Summ      0%         N/A       98%         4
 Malign Gateway           Summ/Tloc      0%         N/A       100%        7
 Summon Horrible Things   Summ           0%         N/A       100%        8


Dungeon Overview and Level Annotations

Branches:
Dungeon (11/15)            Temple (1/1) D:6            Lair (0/5) D:11
    Orc (1/2) D:11          Sewer (visited)

Altars:
Ashenzari
Cheibriados
Dithmenos
Elyvilon
Fedhas
Gozag
Hepliaklqana
Kikubaaqudgha
Makhleb
Nemelex Xobeh
Okawaru
Qazlal
Ru
Sif Muna
Trog
Uskayaw
Vehumet
Wu Jian
Xom
Yredelemnul
Zin
The Shining One

Shops:
D:11 =

Portals:
Abyss: D:5

Annotations:
D:5 2 transporters, Grinder; Zing's ghost, novice GrRe
D:9 2 transporters, exclusion: ice statue, tadhg's ghost, novice DEFE
D:10 3 runed translucent doors, tadhg's ghost, novice DECj


Innate Abilities, Weirdness & Mutations

You are too large for most types of armour.
You have a pair of small horns on your head.
You have tough skin. (AC +1)
You gain doubled healing and magic from potions.
Whenever you drink a healing potion, you attack all around you.
Your muscles are strong. (Str +4, Int/Dex -1)
Your movements are slightly less encumbered by armour. (ER -2)


Message History

You feel better.
You sock the warg! Your headbutt misses the warg.
The warg is heavily wounded.
The warg bites you.
You closely miss the warg.
You headbutt the warg, but do no damage.
The warg is heavily wounded.
The warg bites you but does no damage.
You sock the warg!
The warg is almost dead.
The warg bites you but does no damage.
You sock the warg!
You kill the warg!
Makhleb accepts your kill.
You feel better. The wolf bites you!
You hit the wolf.
The wolf is lightly wounded.
The wolf completely misses you.
You closely miss the wolf. You headbutt the wolf.
The wolf is moderately wounded.
The wolf bites you but does no damage.
You sock the wolf!
The wolf is severely wounded.
The wolf bites you.
You hit the wolf but do no damage.
The wolf is severely wounded.
The wolf bites you.
You sock the wolf!
You kill the wolf!
Makhleb accepts your kill.
The kobold blastminer blasts its cannon at you.
The iron shot hits you!!!
* * * LOW HITPOINT WARNING * * *
Items here: ††††.
You sock the kobold blastminer!
Your headbutt misses the kobold blastminer.
The kobold blastminer is moderately wounded.
The kobold blastminer blasts its cannon at you.
The iron shot hits you!!
You die...

##### ###### ......#####
#..(.( .....KK@..#####
##....
......###.....######....
..... #####...........
##+# #########... ##.# #
#)) ###.## ###########
### ......
..$.......####### ......
.......P........#


You could see 2 kobold blastminers.

Vanquished Creatures
  5 two-headed ogres
  Urug (D:11)
  Nergalle (D:11)
  Pikel (D:6)
  A cyclops (Orc:1)
  Maurice (D:8)
  An orc sorcerer (Orc:1)
  2 ugly things
  3 manticores
  An elephant (D:11)
  3 kobold blastminers (Orc:1)
  A gargoyle (D:11)
  Joseph (D:7)
  Maggie (D:6)
  An unseen horror (D:10)
  A kobold demonologist (D:10)
  4 trolls
  A hornet (D:10)
  6 slime creatures (D:11)
  Sigmund (D:3)
  2 shadows (D:10)
  A wyvern (D:8)
  4 wraiths
  7 yaks
  Eustachio (D:4)
  5 steam dragons
  2 wargs (Orc:1)
  8 vampire mosquitoes
  Grum (D:10)
  Menkaure (D:7)
  Edmund (D:6)
  Duvessa (D:5)
  3 water moccasins
  5 orc warriors
  Pargi (Sewer)
  A black bear (D:6)
  3 ice beasts
  6 wolves
  9 ogres
  A boggart (D:10)
  7 centaurs
  3 phantoms
  4 kobold brigands
  4 bullfrogs
  A brain worm (Sewer)
  2 gnoll sergeants
  3 scorpions
  7 wights
  Dowan (D:5)
  A troll zombie (D:11)
  19 killer bees
  A howler monkey (D:10)
  Crazy Yiuf (D:3)
  2 gnoll boudas
  7 orc priests
  A hound (D:5)
  3 iguanas
  A sleepcap (D:6)
  11 orc wizards
  7 ogre zombies (D:11)
  5 adders
  18 gnolls
  A shadow imp (D:7)
  A white imp (D:5)
  3 dart slugs
  A ribbon worm (D:2)
  27 orcs
  5 ball pythons
  3 bats
  6 endoplasms
  8 giant cockroaches
  9 goblins
  9 hobgoblins
  13 jackals
  36 kobolds
  4 quokkas
  6 frilled lizards
  4 gnoll skeletons (D:11)
  6 gnoll zombies (D:11)
  4 orc skeletons (D:11)
  11 orc zombies (D:11)
  3 rats
369 creatures vanquished.

Vanquished Creatures (others)
  An orc priest (D:7)
1 creature vanquished.

Grand Total: 370 creatures vanquished

Notes
Turn   | Place    | Note
-------+----------+-------------------------------------------
     0 | D:1      | Querens the Oni Monk began the quest for the Orb.
     0 | D:1      | Reached XP level 1. HP: 24/24 MP: 1/1
    61 | D:1      | Reached XP level 2. HP: 15/32 MP: 2/2
   241 | D:1      | Reached skill level 1 in Armour
   282 | D:1      | Reached XP level 3. HP: 37/40 MP: 3/3
   617 | D:2      | Reached skill level 5 in Fighting
   617 | D:2      | Reached XP level 4. HP: 48/50 MP: 4/4
  1107 | D:3      | Noticed Sigmund
  1119 | D:3      | Gained mutation: Your muscles are strong. (Str +4, Int/Dex
                  | -1) [potion of mutation]
  1119 | D:3      | Gained mutation: Your movements are slightly less
                  | encumbered by armour. (ER -2) [potion of mutation]
  1134 | D:3      | Killed Sigmund
  1135 | D:3      | Reached skill level 6 in Fighting
  1135 | D:3      | Reached XP level 5. HP: 43/59 MP: 5/5
  1135 | D:3      | Reached XP level 6. HP: 49/67 MP: 6/6
  1336 | D:3      | Found a glowing golden altar of the Shining One.
  1336 | D:3      | Found a hide-covered altar of Uskayaw.
  1517 | D:3      | Found a runed translucent door.
  1518 | D:3      | Noticed Crazy Yiuf
  1524 | D:3      | Killed Crazy Yiuf
  1868 | D:4      | Noticed Eustachio
  1889 | D:4      | Killed Eustachio
  1890 | D:4      | Reached skill level 7 in Fighting
  1890 | D:4      | Reached skill level 5 in Maces & Flails
  1890 | D:4      | Reached XP level 7. HP: 33/78 MP: 7/7
  1921 | D:4      | Found a glowing drain.
  1955 | Sewer    | Entered a sewer
  1955 | Sewer    | Noticed Pargi
  2109 | Sewer    | Killed Pargi
  2421 | D:4      | Reached XP level 8. HP: 58/88 MP: 8/8
  2494 | D:4      | Identified the +1 robe of the Barber Surgeon {Str+3}
  2527 | D:5      | Entered Level 5 of the Dungeon
  2534 | D:5      | Identified the +1 robe of Vehumet's Fury {Int+7 Stlth-}
  2543 | D:5      | Found an iron altar of Okawaru.
  2547 | D:5      | Found an opulent altar of Gozag.
  2633 | D:5      | Reached skill level 8 in Fighting
  2652 | D:5      | Noticed Grinder
  2657 | D:5      | Noticed Dowan
  2662 | D:5      | Noticed Duvessa
  2667 | D:5      | Paralysed by Grinder for 5 turns
  2680 | D:5      | Found a transporter.
  2726 | D:5      | Found a transporter.
  2762 | D:5      | Found a one-way gate to the infinite horrors of the Abyss.
  2762 | D:5      | Noticed Zing's ghost (novice GrRe)
  2851 | D:5      | Reached skill level 5 in Armour
  2863 | D:5      | Killed Duvessa
  2870 | D:5      | Killed Dowan
  2871 | D:5      | Reached skill level 9 in Fighting
  2939 | D:5      | Noticed an ancient zyme
  3104 | D:6      | Noticed Edmund
  3145 | D:6      | Killed Edmund
  3146 | D:6      | Reached XP level 9. HP: 77/98 MP: 9/9
  3178 | D:6      | Found a staircase to the Ecumenical Temple.
  3187 | Temple   | Entered the Ecumenical Temple
  3201 | Temple   | Became a worshipper of Makhleb the Destroyer
  3201 | Temple   | Reached * piety under Makhleb
  3201 | Temple   | Reached ** piety under Makhleb
  3243 | D:6      | Noticed Maggie
  3264 | D:6      | Killed Maggie
  3352 | D:6      | Noticed Pikel
  3364 | D:6      | Killed Pikel
  3365 | D:6      | Reached skill level 10 in Fighting
  3621 | D:7      | Noticed Menkaure
  3718 | D:7      | Noticed Joseph
  3801 | D:7      | Killed Menkaure
  3818 | D:7      | Reached skill level 11 in Fighting
  3993 | D:7      | Reached XP level 10. HP: 51/114 MP: 10/10
  4079 | D:7      | Killed Joseph
  4362 | D:8      | Reached skill level 12 in Fighting
  4364 | D:8      | Found a snail-covered altar of Cheibriados.
  4576 | D:8      | Noticed Maurice
  4581 | D:8      | Maurice stole 131 gold
  4582 | D:8      | Maurice stole a granite talisman
  4583 | D:8      | Maurice stole a ring of fire
  4584 | D:8      | Maurice stole a +0 giant spiked club
  4585 | D:8      | Maurice stole a throwing net
  4586 | D:8      | Maurice stole 181 gold
  4593 | D:8      | Killed Maurice
  4615 | D:8      | Found a broken altar of Ashenzari.
  4974 | D:9      | Reached *** piety under Makhleb
  4982 | D:8      | Reached skill level 13 in Fighting
  4982 | D:8      | Reached skill level 10 in Maces & Flails
  5191 | D:9      | Found a transporter.
  5241 | D:9      | Found a transporter.
  5242 | D:9      | Noticed a manticore
  5242 | D:9      | Noticed tadhg's ghost (novice DEFE)
  5277 | D:9      | Noticed a boulder beetle
  5279 | D:9      | Noticed an ice statue
  5435 | D:9      | Found a shimmering blue altar of Sif Muna.
  5494 | D:9      | Reached XP level 11. HP: 69/128 MP: 11/11
  5685 | D:10     | Entered Level 10 of the Dungeon
  5759 | D:9      | Reached skill level 14 in Fighting
  6017 | D:10     | Found a runed translucent door.
  6017 | D:10     | Noticed Grum
  6125 | D:10     | Killed Grum
  6137 | D:10     | Reached **** piety under Makhleb
  6195 | D:10     | Noticed a two-headed ogre
  6195 | D:10     | Noticed a manticore
  6199 | D:10     | Killed a two-headed ogre
  6208 | D:10     | Reached skill level 15 in Fighting
  6216 | D:10     | Killed a manticore
  6237 | D:10     | Noticed a red ugly thing
  6467 | D:10     | Killed a red ugly thing
  6485 | D:10     | Found a runed translucent door.
  6636 | D:10     | Found a basalt altar of Yredelemnul.
  6739 | D:10     | Found a runed translucent gate.
  6739 | D:10     | Found a runed translucent gate.
  6739 | D:10     | Found a runed translucent gate.
  6741 | D:10     | Reached ***** piety under Makhleb
  6932 | D:10     | Noticed tadhg's ghost (novice DECj)
  7028 | D:11     | Noticed Urug
  7049 | D:10     | Reached skill level 16 in Fighting
  7098 | D:11     | Killed Urug
  7099 | D:11     | Reached XP level 12. HP: 50/144 MP: 12/12
  7236 | D:11     | Found Gekir's Jewellery Boutique.
  7632 | D:11     | Noticed a two-headed ogre
  7642 | D:11     | Killed a two-headed ogre
  7643 | D:11     | Reached skill level 17 in Fighting
  7706 | D:11     | Found a staircase to the Orcish Mines.
  7749 | D:11     | Identified the +2 robe of New Discoveries {rPois Dex+9
                  | Slay-3 Stlth+}
  7784 | D:11     | Found a staircase to the Lair.
  7982 | D:11     | Noticed Nergalle
  7996 | D:11     | Killed Nergalle
  8037 | Orc:1    | Entered Level 1 of the Orcish Mines
  8378 | Orc:1    | Noticed a two-headed ogre
  8401 | Orc:1    | Killed a two-headed ogre
  8432 | Orc:1    | Reached skill level 18 in Fighting
  8693 | Orc:1    | Noticed a two-headed ogre
  8696 | Orc:1    | Noticed a two-headed ogre
  8702 | Orc:1    | Killed a two-headed ogre
  8704 | Orc:1    | Reached ****** piety under Makhleb
  8708 | Orc:1    | Killed a two-headed ogre
  8709 | Orc:1    | Reached XP level 13. HP: 99/159 MP: 13/13
  8826 | Orc:1    | Killed from afar by a kobold blastminer

Illustrated notes

Levels and vault maps discovered:
D:1:      dpeg_arrival_morbid_curiosity, layout_rooms, serial_bayou_crossing
D:2:      layout_basic
D:3:      layout_basic, gammafunk_temple_overflow_wave, supply_closet_lemuel,
          uniq_sigmund, uniq_crazy_yiuf_cottage
D:4:      kennysheep_kobold_camp, layout_cave_pools, portal_sewer_entry_f,
          uniq_eustachio
D:5:      layout_rooms, mainiacjoe_overflow_catch_the_wave,
          gammafunk_ghost_abyssal_escape, uniq_grinder, uniq_duvessa
D:6:      layout_rooms, lemuel_temple_firewalk_a, minmay_fountain_box,
          minmay_strange_pillars, uniq_pikel, uniq_maggie, uniq_edmund
D:7:      layout_rooms, uniq_menkaure, uniq_joseph
D:8:      layout_basic, lemuel_doored_altar, old_standard_altar,
          serial_library_hellmonk_big_corner, uniq_maurice
D:9:      layout_gridville, mainiacjoe_overflow_concentric_impassable,
          nzn_ghost_randoct
D:10:     cheibrodos_histonic, layout_rooms, mainiacjoe_overflow_chevrons,
          gammafunk_ghost_spectres, hangedman_glass_teeth, uniq_grum
D:11:     layout_roguey, grunt_lair_entry_orc_guard_hut, zombieorc2_lemuel,
          serial_shops, shop, uniq_nergalle, uniq_urug
Temple:   compressed_dpeg_circular_temple
Orc:1:    giant_chief_lemuel, layout_caves

Skill      XL: |  1  2  3  4  5  6  7  8  9 10 11 12 |
---------------+-------------------------------------+-----
Armour         | 1 2 3 4 5 7 |  7.0
Fighting       | 5 6 7 9 11 13 16 18 | 18.6
Maces & Flails | 4 5 7 8 10 12 14 | 14.5
Dodging        | |  2.6

Action                     |  1- 3 |  4- 6 |  7- 9 | 10-12 | 13-15 || total
---------------------------+-------+-------+-------+-------+-------++-------
  Melee: Mace              |   100 |   146 |   252 |    93 |       ||   591
         Headbutt          |    15 |    43 |    58 |   194 |     5 ||   315
         Flail             |       |       |       |   608 |    34 ||   642
  Evoke: Wand              |       |       |     6 |    17 |       ||    23
    Use: Potion            |       |     2 |     1 |     2 |       ||     5
         Scroll            |       |       |     7 |     5 |       ||    12
 Armour: Robe              |    75 |    72 |   129 |       |       ||   276
         Skin              |       |       |    14 |       |       ||    14
         Acid dragon scale |       |       |    61 |   588 |    21 ||   670
  Dodge: Dodged            |    67 |    71 |   114 |   366 |    12 ||   630
